 Dungeon Crawl Stone Soup version 0.32-a0-7-ge934b4519a (console) character file.

Game seed: 4935348333760110932

34726 jejorda2 the Cleaver (level 13, -1/106 HPs)
             Began as a Gnoll Berserker on Jan 13, 2024.
             Was a High Priest of Trog.
             Slain by a 12-headed hydra (2 damage)
             ... on level 5 of the Lair of Beasts.
             The game lasted 00:42:11 (13810 turns).

jejorda2 the Cleaver (Gnoll Berserker)             Turns: 13810, Time: 00:42:12

Health: -1/106     AC: 33    Str: 22    XL:     13   Next: 79%
Magic:  25/25      EV: 16    Int:  6    God:    Trog [*****.]
Gold:   744        SH:  0    Dex: 16    Spells: 29/29 levels left

rFire   + . .        a - +1 battleaxe (freeze)
rCold   . . .        (shield currently unavailable)
rNeg    + . .        F - +6 plate armour of Recklessness {^Drain rN+ Regen+ Dex+4}
rPois   .            n - +0 helmet
rElec   .            c - +3 cloak "Nuttatu" {rF+}
rCorr   .            o - +0 pair of gloves
SInv    .            B - +0 pair of boots
Will    .....        (no amulet) Stlth
                     d - +4 ring of protection
HPRegen 1.17/turn    y - +5 ring of evasion
MPRegen 0.19/turn

%: no passive effects
@: on berserk cooldown, slowed, very slow
A: fangs 1, strong nose, distributed training
a: Renounce Religion, Berserk, Trog's Hand, Brothers in Arms


You were on level 5 of the Lair of Beasts.
You worshipped Trog.
Trog was extremely pleased with you.
You visited 2 branches of the dungeon, and saw 14 of its levels.

You collected 842 gold pieces.
You spent 98 gold pieces at shops.

Inventory:

Hand Weapons
 a - a +1 battleaxe of freezing (weapon)
 b - a +1 demon whip of venom
Missiles
 e - a throwing net
 l - 9 boomerangs (quivered)
 v - 16 poisoned darts
Armour
 c - the +3 cloak "Nuttatu" (worn) {rF+}
   (You acquired it on level 7 of the Dungeon)

   rF+:       It protects you from fire.
 n - a +0 helmet (worn)
 o - a +0 pair of gloves (worn)
 B - a +0 pair of boots (worn)
 F - the +6 plate armour of Recklessness (worn) {^Drain rN+ Regen+ Dex+4}
   (You took it off an orc warrior on level 8 of the Dungeon)

   Dex+4:     It affects your dexterity (+4).
   rN+:       It protects you from negative energy.
   Regen+:    It increases your rate of health regeneration.
   ^Drain:    It drains your maximum health when unequipped.
 G - a scarf of resistance
Jewellery
 d - a +4 ring of protection (left hand)
 f - a ring of protection from fire
 k - a ring of willpower
 y - a +5 ring of evasion (right hand)
Wands
 h - a wand of polymorph (14)
 r - a wand of flame (15)
 I - a wand of quicksilver (5)
Scrolls
 g - 2 scrolls of fog
 s - 2 scrolls of blinking
 u - 2 scrolls of enchant weapon
 w - 3 scrolls of immolation
 D - a scroll of revelation
 J - a scroll of teleportation
Potions
 i - 5 potions of curing
 m - 3 potions of attraction
 p - a potion of resistance
 t - 3 potions of haste
 x - 6 potions of lignification
 z - 3 potions of ambrosia
 A - 2 potions of enlightenment
 E - 2 potions of cancellation
 H - a potion of mutation
 K - a potion of invisibility {unknown}


   Skills:
 + Level 11.1 Fighting
 + Level 8.9 Short Blades
 + Level 8.9 Long Blades
 + Level 11.1 Axes
 + Level 8.9 Maces & Flails
 + Level 8.9 Polearms
 + Level 8.9 Staves
 + Level 8.9 Ranged Weapons
 + Level 8.9 Throwing
 + Level 10.1 Armour
 + Level 10.1 Dodging
 + Level 8.9 Stealth
 + Level 8.9 Shields
 + Level 8.9 Unarmed Combat
 + Level 8.9 Spellcasting
 + Level 7.4 Conjurations
 + Level 7.4 Hexes
 + Level 7.4 Summonings
 + Level 7.4 Necromancy
 + Level 7.4 Translocations
 + Level 7.4 Fire Magic
 + Level 7.4 Ice Magic
 + Level 7.4 Air Magic
 + Level 7.4 Earth Magic
 + Level 7.4 Alchemy
 + Level 9.7 Invocations
 + Level 8.9 Evocations
 + Level 8.1 Shapeshifting


You had 29 spell levels left.
You didn't know any spells.
Your spell library was empty.

Dungeon Overview and Level Annotations

Branches:
Dungeon (9/15)             Temple (0/1) D:7            Lair (5/5) D:8
  Swamp (0/4) Lair:3       Spider (0/4) Lair:3        Slime (0/5) Lair:4
    Orc (0/2) D:9

Altars:
Ashenzari
Fedhas
Gozag
Kikubaaqudgha
Vehumet
Wu Jian
Xom
Jiyva

Shops:
D:2 !   D:6 :   D:9 (

Annotations:
D:3 1 runed translucent door, MysticSailboat's ghost, amateur MiMo


Innate Abilities, Weirdness & Mutations

You have very sharp teeth.
Your uncanny sense of smell can sniff out nearby items.
Your experience applies equally to all skills.


Message History

The 12-headed hydra attacks as it pursues you!
The 12-headed hydra bites you but does no damage.
The 12-headed hydra bites you!
* * * LOW HITPOINT WARNING * * *
The 12-headed hydra closely misses you.
The 12-headed hydra bites you but does no damage. x4
The 12-headed hydra closely misses you. The 12-headed hydra barely misses you.
The 12-headed hydra bites you.
* * * LOW HITPOINT WARNING * * *
The 12-headed hydra bites you but does no damage.
The 12-headed hydra bites you.
* * * LOW HITPOINT WARNING * * *
There is a stone staircase leading up, spattered with blood here.
You see here a basilisk corpse.
Unknown command.
Unknown command.
Unknown command.
You feel much better.
The 12-headed hydra bites you but does no damage. x2
The 12-headed hydra barely misses you. The 12-headed hydra bites you.
* * * LOW HITPOINT WARNING * * *
The 12-headed hydra bites you but does no damage.
The 12-headed hydra bites you.
* * * LOW HITPOINT WARNING * * *
The 12-headed hydra bites you but does no damage.
The 12-headed hydra bites you.
* * * LOW HITPOINT WARNING * * *
The 12-headed hydra bites you but does no damage. x2
The 12-headed hydra bites you.
* * * LOW HITPOINT WARNING * * *
The 12-headed hydra bites you but does no damage.
Unknown command.
The snapping turtle is no longer moving slowly.
The 12-headed hydra misses you. The 12-headed hydra bites you!
* * * LOW HITPOINT WARNING * * *
The 12-headed hydra bites you!
* * * LOW HITPOINT WARNING * * *
The 12-headed hydra barely misses you. The 12-headed hydra closely misses you.
The 12-headed hydra bites you.
You die...

~~*~~~*~~~~~,,,,,,,~~**
***~~~*~~~~.......~~..##
~~,~~~*~~##........F...#*
~~~~,⌠*~~#~.......~~~...**
*******~~~~......~~~.~..,*
~~~~~8*~~~~~!......~~..#,*
,~~~,~*~~##............#**
~~~~~~*~~~#~...†....##.#
~*~~~**~~~t~...D@...####
~,~~~~~~~P~....†...#####
~**~~**~P##........#####
~~~~~*~~~##....^...#####
,,~~~,,,~..........#####
,,,,,,,,...........#####
,,,,,,,,...........#####
,,,,,,,,............####
,,,,,,,,,,,,,,,,,,,,**


You could see a 12-headed hydra (slow), a snapping turtle (fleeing) and a cane
toad (fleeing, slow).

Vanquished Creatures
  Gastronok (Lair:3)
  3 hydras
  The ghost of lucidstorm14 the Fighter, a novice MiBe of Trog (D:9)
  2 boulder beetles (Lair:1)
  A two-headed ogre (D:9)
  4 death yaks (Lair:2)
  A skyshark (Lair:4)
  Amaemon (D:8)
  Pikel (D:4)
  5 elephants (Lair:2)
  4 black mambas
  Maggie (D:8)
  A torpor snail (Lair:2)
  An orange demon (D:8)
  7 cane toads
  12 komodo dragons
  Jeremiah (D:6)
  3 rime drakes
  A troll (D:9)
  A polar bear (Lair:4)
  12 blink frogs
  A jumping spider (Lair:3)
  4 dream sheep (Lair:4)
  A culicivora (Lair:3)
  A vampire (D:9)
  11 wyverns
  21 yaks
  A steam dragon (Lair:3)
  6 basilisks
  2 wargs (D:9)
  12 water moccasins
  4 orc warriors
  A sky beast (D:6)
  Duvessa (D:5)
  An ice beast (D:7)
  4 ogres
  A centaur (D:9)
  A phantom (D:5)
  3 kobold brigands (D:9)
  10 bullfrogs
  Blork the orc (D:6)
  4 scorpions
  2 gnoll sergeants
  8 wights (D:8)
  Dowan (D:5)
  11 killer bees
  3 bombardier beetles
  3 electric eels (Lair:3)
  2 howler monkeys
  5 lava snakes
  2 hounds
  6 orc priests
  4 jellies
  A gnoll bouda (D:5)
  2 sleepcaps
  Jessica (D:3)
  5 iguanas
  8 orc wizards
  5 adders
  14 gnolls
  A white imp (D:8)
  2 ufetubi (D:6)
  3 ribbon worms
  58 orcs
  10 ball pythons
  8 endoplasms
  3 giant cockroaches
  10 hobgoblins
  2 quokkas
  5 bats
  4 frilled lizards
  6 goblins
  7 kobolds
  9 rats
366 creatures vanquished.

Notes
Turn   | Place    | Note
-------+----------+-------------------------------------------
     0 | D:1      | jejorda2 the Gnoll Berserker began the quest for the Orb.
     0 | D:1      | Reached XP level 1. HP: 23/23 MP: 1/1
   264 | D:1      | Reached XP level 2. HP: 26/29 MP: 2/2
  1064 | D:2      | Reached ** piety under Trog
  1065 | D:2      | Reached XP level 3. HP: 35/35 MP: 3/3
  1067 | D:2      | Found Caigyusta's Distillery.
  1079 | D:2      | Bought a potion of curing for 42 gold pieces
  1231 | D:2      | Reached skill level 1 in Invocations
  1318 | D:2      | Reached skill level 1 in Short Blades
  1318 | D:2      | Reached skill level 1 in Long Blades
  1318 | D:2      | Reached skill level 1 in Maces & Flails
  1318 | D:2      | Reached skill level 1 in Polearms
  1318 | D:2      | Reached skill level 1 in Staves
  1318 | D:2      | Reached skill level 1 in Ranged Weapons
  1318 | D:2      | Reached skill level 1 in Throwing
  1318 | D:2      | Reached skill level 1 in Stealth
  1318 | D:2      | Reached skill level 1 in Shields
  1318 | D:2      | Reached skill level 1 in Unarmed Combat
  1318 | D:2      | Reached skill level 1 in Spellcasting
  1318 | D:2      | Reached skill level 1 in Evocations
  1463 | D:2      | Reached skill level 1 in Shapeshifting
  1463 | D:2      | Reached XP level 4. HP: 41/41 MP: 5/5
  1851 | D:3      | Reached skill level 1 in Conjurations
  1851 | D:3      | Reached skill level 1 in Hexes
  1851 | D:3      | Reached skill level 1 in Summonings
  1851 | D:3      | Reached skill level 1 in Necromancy
  1851 | D:3      | Reached skill level 1 in Translocations
  1851 | D:3      | Reached skill level 1 in Fire Magic
  1851 | D:3      | Reached skill level 1 in Ice Magic
  1851 | D:3      | Reached skill level 1 in Air Magic
  1851 | D:3      | Reached skill level 1 in Earth Magic
  1851 | D:3      | Reached skill level 1 in Alchemy
  1927 | D:2      | Bought a potion of might for 56 gold pieces
  2112 | D:3      | Found a runed translucent door.
  2158 | D:3      | Noticed MysticSailboat's ghost (amateur MiMo)
  2462 | D:3      | Found a radiant altar of Vehumet.
  2471 | D:3      | Reached *** piety under Trog
  2580 | D:3      | Noticed Jessica
  2596 | D:3      | Killed Jessica
  2597 | D:3      | Reached XP level 5. HP: 33/47 MP: 7/7
  3230 | D:4      | Reached XP level 6. HP: 45/53 MP: 8/8
  3266 | D:4      | Noticed Pikel
  3278 | D:4      | Killed Pikel
  3279 | D:4      | Reached skill level 5 in Armour
  3279 | D:4      | Reached skill level 5 in Dodging
  3279 | D:4      | Reached XP level 7. HP: 60/60 MP: 8/11
  3502 | D:4      | Found a shimmering altar of Xom.
  3679 | D:5      | Entered Level 5 of the Dungeon
  3881 | D:5      | Found a blossoming altar of Fedhas.
  3911 | D:5      | Found an ancient bone altar of Kikubaaqudgha.
  3917 | D:5      | Found an opulent altar of Gozag.
  3933 | D:5      | Reached XP level 8. HP: 57/67 MP: 12/12
  3974 | D:5      | Found an ornate altar of the Wu Jian Council.
  3974 | D:5      | Noticed Duvessa
  3974 | D:5      | Noticed Dowan
  3990 | D:5      | Killed Duvessa
  3992 | D:5      | Killed Dowan
  5066 | D:6      | Reached XP level 9. HP: 73/73 MP: 14/14
  5117 | D:6      | Noticed Blork the orc
  5122 | D:6      | Killed Blork the orc
  5126 | D:6      | Found Nit Zauxt's Self-Published Books.
  5184 | D:6      | Noticed Jeremiah
  5223 | D:6      | Killed Jeremiah
  5742 | D:7      | Identified a scroll of acquirement
  5742 | D:7      | Acquired the +3 cloak "Nuttatu" {rF+}
  5826 | D:7      | Reached skill level 5 in Invocations
  6078 | D:7      | Found a broken altar of Ashenzari.
  6400 | D:7      | Found a staircase to the Ecumenical Temple.
  6738 | D:8      | Reached skill level 5 in Short Blades
  6738 | D:8      | Reached skill level 5 in Long Blades
  6738 | D:8      | Reached skill level 5 in Maces & Flails
  6738 | D:8      | Reached skill level 5 in Polearms
  6738 | D:8      | Reached skill level 5 in Staves
  6738 | D:8      | Reached skill level 5 in Ranged Weapons
  6738 | D:8      | Reached skill level 5 in Throwing
  6738 | D:8      | Reached skill level 5 in Stealth
  6738 | D:8      | Reached skill level 5 in Shields
  6738 | D:8      | Reached skill level 5 in Unarmed Combat
  6738 | D:8      | Reached skill level 5 in Spellcasting
  6738 | D:8      | Reached skill level 5 in Evocations
  6738 | D:8      | Reached XP level 10. HP: 81/81 MP: 17/17
  6980 | D:8      | Noticed Amaemon
  6980 | D:8      | Noticed an orange demon
  6991 | D:8      | Killed an orange demon
  6994 | D:8      | Killed Amaemon
  6995 | D:8      | Reached skill level 5 in Shapeshifting
  7256 | D:8      | Reached **** piety under Trog
  7349 | D:8      | Noticed Maggie
  7363 | D:8      | Killed Maggie
  7634 | D:8      | Found a staircase to the Lair.
  7999 | D:8      | Reached skill level 5 in Conjurations
  7999 | D:8      | Reached skill level 5 in Hexes
  7999 | D:8      | Reached skill level 5 in Summonings
  7999 | D:8      | Reached skill level 5 in Necromancy
  7999 | D:8      | Reached skill level 5 in Translocations
  7999 | D:8      | Reached skill level 5 in Fire Magic
  7999 | D:8      | Reached skill level 5 in Ice Magic
  7999 | D:8      | Reached skill level 5 in Air Magic
  7999 | D:8      | Reached skill level 5 in Earth Magic
  7999 | D:8      | Reached skill level 5 in Alchemy
  8004 | D:8      | Reached XP level 11. HP: 89/89 MP: 20/20
  8373 | D:9      | Noticed a two-headed ogre
  8390 | D:9      | Killed a two-headed ogre
  8520 | D:9      | Found Unletes's Hydra Hut.
  8525 | D:9      | Noticed a six-headed hydra
  8616 | D:9      | Found a runed translucent gate.
  8616 | D:9      | Noticed lucidstorm14's ghost (novice MiBe)
  8617 | D:9      | Identified the +6 plate armour of Recklessness {^Drain rN+
                  | Regen+ Dex+4}
  8617 | D:9      | Found a runed translucent gate.
  8618 | D:9      | Found a runed translucent gate.
  8869 | D:9      | Found a staircase to the Orcish Mines.
  9355 | D:9      | Killed lucidstorm14's ghost
  9821 | D:9      | Identified the +0 scale mail of the Onion {rN+ Will+++
                  | Str+2 Dex-4}
  9905 | Lair:1   | Entered Level 1 of the Lair of Beasts
 10038 | Lair:1   | Noticed a boulder beetle
 10041 | Lair:1   | Noticed a boulder beetle
 10071 | Lair:1   | Killed a boulder beetle
 10392 | Lair:1   | Killed a boulder beetle
 10393 | Lair:1   | Reached XP level 12. HP: 87/97 MP: 22/22
 11076 | Lair:2   | Reached skill level 10 in Fighting
 11076 | Lair:2   | Reached skill level 10 in Axes
 11192 | Lair:2   | Reached ***** piety under Trog
 11306 | Lair:2   | Noticed a death yak
 11306 | Lair:2   | Noticed a death yak
 11335 | Lair:2   | Killed a death yak
 11344 | Lair:2   | Noticed a death yak
 11354 | Lair:2   | Noticed a death yak
 11361 | Lair:2   | Killed a death yak
 11370 | Lair:2   | Killed a death yak
 11379 | Lair:2   | Killed a death yak
 12223 | Lair:3   | Reached XP level 13. HP: 104/104 MP: 25/25
 12282 | Lair:3   | Found a hole to the Spider Nest.
 12460 | Lair:3   | Noticed Gastronok
 12474 | Lair:3   | Killed Gastronok
 12809 | Lair:3   | Found a staircase to the Swamp.
 13257 | Lair:4   | Received a gift from Trog
 13534 | Lair:4   | Found a viscous altar of Jiyva.
 13560 | Lair:4   | Found a staircase to the Slime Pits.
 13635 | Lair:4   | Reached skill level 10 in Armour
 13635 | Lair:4   | Reached skill level 10 in Dodging
 13782 | Lair:5   | Entered Level 5 of the Lair of Beasts
 13810 | Lair:5   | HP: 1/106 [12-headed hydra (8)]
 13810 | Lair:5   | Slain by a 12-headed hydra

Illustrated notes

Levels and vault maps discovered:
D:1:      minmay_arrival_pointy, layout_loops_corners
D:2:      layout_basic, serial_shops, shop_fountains,
          chequers_serial_rivers_micro_e
D:3:      layout_loops_cross, vehumet_altar_wand_db, ebering_ghost_sewer_d,
          kennysheep_jessica_study
D:4:      layout_basic, mainiacjoe_overflow_alcove_2,
          nicolae_houndstooth_variations, uniq_pikel
D:5:      nicolae_cairo_tiling_large_dashed, layout_loops_ring,
          mainiacjoe_overflow_large_starburst,
          mainiacjoe_overflow_catch_the_wave, uniq_duvessa
D:6:      layout_basic, nicolae_custom_books, uniq_jeremiah, uniq_blork_the_orc
D:7:      layout_gridville, kennysheep_little_box, temple_statues
D:8:      layout_loops_corners, minmay_lair_entry_grove, special_room
          [special_room_orc], kennysheep_generic_room_13, uniq_maggie,
          uniq_amaemon
D:9:      layout_big_octagon, erik_orc_3, biasface_ghost_orc_armoury,
          doesnt_shop_hydraphobe
Lair:1:   layout_cave_shapes, lemuel_fruit_fields
Lair:2:   layout_cellular_growth, hibernation_bobbens, grunt_megastairs_3,
          lemuel_fruit_fields
Lair:3:   layout_loops_ring, minmay_swamp_entry_reptiles,
          spider_nest_entry_rubble, nicolae_lair_liquid_snakes,
          lemuel_fruit_tree, infiniplex_staircase_pool_2, uniq_gastronok
Lair:4:   layout_loops_ring, slime_entry_1, serial_bayou_pond_d,
          grunt_megastairs_5
Lair:5:   gammafunk_lair_ancient_temple, layout_regular_city,
          nicolae_volcano_entry_two_sided, ldierk_geyser

Skill      XL: |  1  2  3  4  5  6  7  8  9 10 11 12 13 |
---------------+----------------------------------------+-----
Invocations    | 1 2 3 4 5 6 7 8 9 |  9.7
Short Blades   | 1 2 3 5 6 7 8 |  8.9
Long Blades    | 1 2 3 5 6 7 8 |  8.9
Maces & Flails | 1 2 3 5 6 7 8 |  8.9
Polearms       | 1 2 3 5 6 7 8 |  8.9
Staves         | 1 2 3 5 6 7 8 |  8.9
Ranged Weapons | 1 2 3 5 6 7 8 |  8.9
Throwing       | 1 2 3 5 6 7 8 |  8.9
Stealth        | 1 2 3 5 6 7 8 |  8.9
Shields        | 1 2 3 5 6 7 8 |  8.9
Unarmed Combat | 1 2 3 5 6 7 8 |  8.9
Spellcasting   | 1 2 3 5 6 7 8 |  8.9
Evocations     | 1 2 3 5 6 7 8 |  8.9
Shapeshifting  | 1 2 3 4 5 6 7 8 |  8.1
Conjurations   | 1 2 3 4 5 6 7 |  7.4
Hexes          | 1 2 3 4 5 6 7 |  7.4
Summonings     | 1 2 3 4 5 6 7 |  7.4
Necromancy     | 1 2 3 4 5 6 7 |  7.4
Translocations | 1 2 3 4 5 6 7 |  7.4
Fire Magic     | 1 2 3 4 5 6 7 |  7.4
Ice Magic      | 1 2 3 4 5 6 7 |  7.4
Air Magic      | 1 2 3 4 5 6 7 |  7.4
Earth Magic    | 1 2 3 4 5 6 7 |  7.4
Alchemy        | 1 2 3 4 5 6 7 |  7.4
Fighting       | 7 8 9 10 11 | 11.1
Axes           | 7 8 9 10 11 | 11.1
Armour         | 5 6 7 8 9 10 | 10.1
Dodging        | 5 6 7 8 9 10 | 10.1

Action                     |  1- 3 |  4- 6 |  7- 9 | 10-12 | 13-15 || total
---------------------------+-------+-------+-------+-------+-------++-------
  Melee: Hand axe          |   117 |   173 |    32 |       |       ||   322
         Bite              |    10 |    19 |    28 |    95 |    55 ||   207
         Punch             |     2 |     6 |     2 |    26 |    19 ||    55
         War axe           |       |       |    77 |       |       ||    77
         Battleaxe         |       |       |   107 |   141 |    75 ||   323
         Demon whip        |       |       |       |   526 |   251 ||   777
  Throw: Dart              |       |       |    12 |    63 |    19 ||    94
         Boomerang         |       |       |       |       |     6 ||     6
 Invoke: Berserk           |       |     1 |    10 |    13 |     5 ||    29
         Trog's Hand       |       |       |     2 |     9 |     3 ||    14
  Evoke: Wand              |       |       |       |       |     4 ||     4
    Use: Scroll            |       |       |    16 |     7 |     4 ||    27
         Potion            |       |       |     1 |     2 |     1 ||     4
 Armour: Leather armour    |     8 |       |       |       |       ||     8
         Animal skin       |     1 |       |       |       |       ||     1
         Ring mail         |    37 |    19 |       |       |       ||    56
         Scale mail        |       |    65 |   157 |       |       ||   222
         Chain mail        |       |       |    11 |   248 |       ||   259
         Plate armour      |       |       |       |   194 |   301 ||   495
  Dodge: Dodged            |    71 |    73 |   128 |   393 |   243 ||   908

Table legend: (Time is in decaauts)
 A = Elapsed time spent in this place.
 B = Non-inter-level travel time spent in this place.
 C = Inter-level travel time spent in this place.
 D = Time resting spent in this place.
 E = Time spent auto-exploring this place.
 F = Levels seen in this place.
 G = Mean time per level.
                   A        B        C        D        E       F      G
               +--------+--------+--------+--------+--------+-----+--------+
         Total |  13862 |  13345 |    517 |   1320 |   9091 |  14 |  990.1 |
       Dungeon |  10046 |   9674 |    372 |    952 |   6757 |   9 | 1116.2 |
          Lair |   3815 |   3671 |    144 |    367 |   2334 |   5 |  763.0 |
               +--------+--------+--------+--------+--------+-----+--------+

Top non-repeatable levels by time:
     D:8: 1987 daAuts
     D:9: 1205 daAuts
  Lair:1: 1190 daAuts
     D:7: 1081 daAuts
  Lair:2: 1067 daAuts
     D:6: 1060 daAuts
     D:1: 1040 daAuts
     D:4: 1019 daAuts
     D:3: 970 daAuts
  Lair:3: 955 daAuts
     D:5: 922 daAuts
     D:2: 758 daAuts
  Lair:4: 580 daAuts
  Lair:5: 20 daAuts
